 Dungeon Crawl Stone Soup version 0.31-a0-854-g362426d53f (webtiles) character file.

Game seed: 12953187941376245096

214 mortress the Grave Robber (level 5, 0/37 HPs)
             Began as a Demonspawn Necromancer on Oct 8, 2023.
             Slain by a gnoll
             ... wielding the +9 halberd "Qollifo" {pain, *Rage rC++ Int+3}
              (14 damage)
             ... on level 3 of the Dungeon.
             The game lasted 00:09:57 (2806 turns).

mortress the Grave Robber (Demonspawn Necromancer)  Turns: 2806, Time: 00:09:58

Health: 0/37       AC:  3    Str:  8    XL:     5   Next: 60%
Magic:  7/9        EV: 12    Int: 19    God:
Gold:   134        SH:  0    Dex: 13    Spells: 1/9 levels left

rFire   . . .        j - +1 spear (venom)
rCold   . . .        (no shield)
rNeg    . . .        a - +0 robe
rPois   .            (helmet restricted)
rElec   .            (no cloak)
rCorr   .            (no gloves)
SInv    .            m - +0 pair of boots
Will    .....        (no amulet)
Stlth   ++           (no ring)
HPRegen 0.26/turn    (no ring)
MPRegen 0.11/turn

%: no passive effects
@: about to teleport
A: horns 1, foul stench 1
a: no special abilities


You were on level 3 of the Dungeon.
You visited 1 branch of the dungeon, and saw 3 of its levels.
You also visited: Sewer.

You collected 134 gold pieces.

Inventory:

Hand Weapons
 j - a +1 spear of venom (weapon)
Missiles
 k - 3 darts of dispersal
Armour
 a - a +0 robe (worn)
 m - a +0 pair of boots (worn)
Wands
 o - a wand of roots (2)
Scrolls
 c - a scroll of blinking {unknown}
 f - 3 scrolls of teleportation
 g - a scroll of enchant weapon {unknown}
 i - a scroll of poison {unknown}
 l - a scroll of amnesia {unknown}
Potions
 b - a potion of magic
 d - 2 potions of berserk rage {unknown}
 e - a potion of mutation {unknown}
 h - 2 potions of enlightenment {unknown}
 n - a potion of heal wounds {unknown}


   Skills:
 + Level 1.4 Fighting
 + Level 1.5 Armour
 + Level 2.6 Dodging
 + Level 3.0 Stealth
 + Level 2.9 Spellcasting
 + Level 5.1 Necromancy


You had one spell level left.
You knew the following spells:

 Your Spells              Type           Power      Damage    Failure   Level
a - Necrotise             Necr           88%        1d8       1%          1
b - Vampiric Draining     Necr           22%        2d7       5%          3
c - Animate Dead          Necr           22%        N/A       19%         4

Your spell library contained the following spells:

 Spells                   Type           Power      Damage    Failure   Level
 Agony                    Necr           22%        N/A       45%         5


Dungeon Overview and Level Annotations

Branches:
Dungeon (3/15)              Sewer (visited)

Altars:

Shops:
D:1 :

Annotations:
D:3 1 transporter


Innate Abilities, Weirdness & Mutations

You have a pair of small horns on your head.
You may rarely emit foul miasma when damaged in melee.


Message History

The gnoll barely resists.
The gnoll hits you from afar with a +1 spear of pain.
You writhe in agony.
Casting: Necrotise (safe; 1% risk of failure)
Confirm with . or Enter, or press ? or * to list all spells.
Aiming: Necrotise (safe; 1% risk of failure)
Press: ? - help, Shift-Dir - straight line, f/p - gnoll
Aim: a gnoll, wielding a +1 spear of pain (moderately wounded, very poisoned, chance to affect: 86%)
The gnoll writhes in agony.
The gnoll hits you from afar with a +1 spear of pain.
Unknown command.
The gnoll closely misses you. The gnoll closely misses you.
Sorry, you're not good enough to have a special ability.
Unknown command.
Unknown command.
Casting: Necrotise (safe; 1% risk of failure)
Confirm with . or Enter, or press ? or * to list all spells.
Okay, then.
As you read the scroll labelled REAPRORULL, it crumbles to dust.
You feel strangely unstable.
It was a scroll of teleportation.
The gnoll hits you from afar with a +1 spear of pain.
You reach to attack!
You hit the gnoll.
The gnoll looks as sick as possible!
The gnoll is heavily wounded.
The gnoll hits you from afar with a +1 spear of pain.
You are too injured to fight recklessly!
Reach: j) +1 spear (venom)
Press: ? - help, Dir - move target, f - gnoll, p - gnoll
Aim: a gnoll, wielding the +9 halberd "Qollifo" {pain, *Rage rC++ Int+3} (about 36% to evade your +1 spear of venom)
You reach to attack!
You completely miss the gnoll. The gnoll completely misses you.
The gnoll closely misses you.
Unknown command.
Reach: j) +1 spear (venom)
Press: ? - help, Dir - move target, f/p - gnoll
Aim: a gnoll, wielding the +9 halberd "Qollifo" {pain, *Rage rC++ Int+3} (about 36% to evade your +1 spear of venom)
You reach to attack!
You barely miss the gnoll.
The gnoll hits you from afar with a +1 spear of pain.
You writhe in agony.
The gnoll hits you from afar with the +9 halberd "Qollifo" {pain, *Rage rC++ Int+3}!
You die...

..≈≈≈≈≈≈≈≈≈≈≈...≈≈≈≈≈≈≈≈≈≈≈.#
#.≈≈≈≈≈≈≈≈≈≈≈...≈≈≈≈≈≈≈≈≈≈≈.#
#.≈≈#####...........#####≈≈.#
#.≈≈#.#.#.###.©.###.#.#.#≈≈.#
#.≈≈#...# #.#####.###...#≈≈.#
#.≈≈###.. ....g.......###≈≈.#
..≈≈.8#.### ##g######.#8.≈≈.#
#.≈≈.## #$ #8..#.⌠.#.##.≈≈.#
#.~~.#..+ #⌠©.@.g.'!.#.~~[#
#.≈≈.##.# #8.P#.⌠.#g##.≈≈.#
#.≈≈.8#.######+######.#8.≈≈.##
#.≈≈###..........g..g.###≈≈..#
#.≈≈#...###©#####.###...#≈≈..#
#.≈≈#.#.#.###.©.###.#.#.#≈≈..#
#.≈≈#####...........#####≈≈..#
#.≈≈≈≈≈≈≈≈≈≈≈≈~≈≈≈≈≈≈≈≈≈≈≈≈..#
..≈≈≈≈≈≈≈≈≈≈≈≈~≈≈≈≈≈≈≈≈≈≈≈≈..#


You could see 6 gnolls.

Vanquished Creatures
  A water moccasin (Sewer)
  An adder (D:2)
  5 worms
  3 dart slugs
  2 orcs
  8 endoplasms
  2 giant cockroaches (D:3)
  8 goblins
  5 hobgoblins
  5 jackals
  5 quokkas
  6 ball pythons
  8 bats
  A frilled lizard (D:2)
  4 kobolds
  5 rats
69 creatures vanquished.

Vanquished Creatures (collateral kills)
  2 jackals (D:1)
  A frilled lizard (D:3)
  A goblin (D:1)
  2 kobolds
6 creatures vanquished.

Grand Total: 75 creatures vanquished

Notes
Turn   | Place    | Note
-------+----------+-------------------------------------------
     0 | D:1      | mortress the Demonspawn Necromancer began the quest for the
                  | Orb.
     0 | D:1      | Reached XP level 1. HP: 13/13 MP: 3/3
   298 | D:1      | Gained mutation: You may rarely emit foul miasma when
                  | damaged in melee. [demonic ancestry]
   298 | D:1      | Reached XP level 2. HP: 19/19 MP: 0/5
   789 | D:1      | Reached XP level 3. HP: 16/24 MP: 1/6
   845 | D:1      | Learned a level 3 spell: Vampiric Draining
  1086 | D:1      | Found Egoiffes's Vocational Training.
  1834 | D:2      | Reached XP level 4. HP: 23/31 MP: 7/7
  2230 | D:3      | Reached skill level 1 in Armour
  2418 | D:3      | Found a glowing drain.
  2426 | D:3      | Reached skill level 5 in Necromancy
  2429 | Sewer    | Entered a sewer
  2435 | Sewer    | Learned a level 4 spell: Animate Dead
  2503 | Sewer    | Noticed a water moccasin
  2509 | Sewer    | Killed a water moccasin
  2510 | Sewer    | Reached skill level 1 in Fighting
  2510 | Sewer    | Gained mutation: You have a pair of small horns on your
                  | head. [demonic ancestry]
  2510 | Sewer    | Reached XP level 5. HP: 32/37 MP: 0/9
  2719 | D:3      | Found a transporter.
  2757 | D:3      | Identified the +9 halberd "Qollifo" {pain, *Rage rC++
                  | Int+3}
  2772 | D:3      | Found a transporter.
  2806 | D:3      | Slain by a gnoll

Illustrated notes

Levels and vault maps discovered:
D:1:      shiori_arrival_oz, layout_basic, nicolae_shop_vocational
D:2:      layout_rooms, solitary_fountain, kennysheep_generic_room_5
D:3:      minmay_inner_zag, layout_loops_ring, gup_sewer_entry_spiral,
          serial_glass, glass_columns_a, glass_columns_c, glass_columns_a,
          glass_columns_b, glass_columns_c, glass_columns_a,
          gammafunk_ghost_gnarly_gnolls, wander_ebering_terrifying_dragon_lair

Skill      XL: |  1  2  3  4 |
---------------+-------------+-----
Stealth        | 2 3 |  3.0
Dodging        | 2 |  2.6
Armour         | 1 |  1.5
Necromancy     | 5 |  5.1
Fighting       | 1 |  1.4
Spellcasting   | |  2.9

Action                     |  1- 3 |  4- 6 || total
---------------------------+-------+-------++-------
  Melee: Unarmed           |    36 |       ||    36
         Punch             |     1 |       ||     1
         Spear             |    17 |    98 ||   115
         Mace              |     9 |       ||     9
         Headbutt          |       |     2 ||     2
   Cast: Necrotise         |    63 |     9 ||    72
         Vampiric Draining |       |     2 ||     2
    Use: Scroll            |       |     1 ||     1
   Stab: Sleeping          |       |     1 ||     1
 Armour: Robe              |    57 |    42 ||    99
  Dodge: Dodged            |    60 |    42 ||   102

Table legend: (Time is in decaauts)
 A = Elapsed time spent in this place.
 B = Non-inter-level travel time spent in this place.
 C = Inter-level travel time spent in this place.
 D = Time resting spent in this place.
 E = Time spent auto-exploring this place.
 F = Levels seen in this place.
 G = Mean time per level.
                   A        B        C        D        E       F      G
               +--------+--------+--------+--------+--------+-----+--------+
         Total |   2872 |   2828 |     44 |      6 |   2020 |   4 |  718.0 |
       Dungeon |   2649 |   2605 |     44 |      6 |   1850 |   3 |  883.0 |
         Sewer |    223 |    223 |      0 |      0 |    170 |   1 |  223.0 |
               +--------+--------+--------+--------+--------+-----+--------+

Top non-repeatable levels by time:
     D:1: 1326 daAuts
     D:2: 801 daAuts
     D:3: 521 daAuts
   Sewer: 223 daAuts
